Match 42469832
Unlisted

Match 42469832
End
Kradschützen Motorcycle Team
Panzergrenadier Squad
Panzerpioneer Squad
250 Light Carrier
Panzergrenadier Squad
Selects Armored Support Battlegroup
Selects Superior Fire Drills
Construct Light Support Kompanie
Fire Support Elements
Assault Grenadier Squad
Flakvierling Half-track
Panzerjäger Mechanized Group
Combat Half-tracks
2.5-tonne Medical Truck
MG34 Team
Selects Vehicle Awareness
Selects Panzer Storm
Pak 38 Anti-tank Gun Team
Construct Panzerarmee Kommand
Grand.G
framerryu
0
0

Comments sign in to comment!

No comments posted yet!